 Dungeon Crawl Stone Soup version 0.25-a0-292-gaa31f046c4 (webtiles) character file.

Game seed: 13946935537608429697, levelgen mode: deterministic

11 MoonlitKnight the Sneak (level 2, 0/22 HPs)
             Began as a Vampire Assassin on Dec 15, 2019.
             Slain by a gnoll
             ... wielding a +0 whip
              (7 damage)
             ... on level 1 of the Dungeon.
             The game lasted 00:00:41 (342 turns).

MoonlitKnight the Sneak (Vampire Assassin)           Turns: 342, Time: 00:00:42

Health: 0/22       AC:  3    Str: 10    XL:     2   Next: 13%
Magic:  2/2        EV: 12    Int: 13    God:
Gold:   39         SH:  0    Dex: 15    Spells: 1/1 levels left

rFire    . . .     SeeInvis +   a - +2 dagger
rCold    . . .     Gourm    .   (no shield)
rNeg     . . .     Faith    .   b - +0 robe
rPois    .         Spirit   .   (no helmet)
rElec    .         Reflect  .   c - +0 cloak
rCorr    .         Harm     .   (no gloves)
MR       .....                  (no boots)
Stlth    +++.......             (no amulet)
HPRegen  0.27/turn              (no ring)
MPRegen  0.08/turn              (no ring)

@: regenerating quickly
A: no food, fangs 3, see invisible, unbreathing
a: Exsanguinate


You were on level 1 of the Dungeon.
You were alive.

You visited 1 branch of the dungeon, and saw 1 of its levels.

You collected 39 gold pieces.

Inventory:

Hand Weapons
 a - a +2 dagger (weapon)
Missiles
 d - 8 poisoned darts (quivered)
 e - 2 curare-tipped darts
Armour
 b - a +0 robe (worn)
 c - a +0 cloak (worn)
Jewellery
 k - a +3 amulet of reflection {unknown}
Scrolls
 f - a scroll of remove curse {unknown}
 g - a scroll of noise {unknown}
 h - a scroll of teleportation {unknown}
 j - a scroll of fear {unknown}
 l - a scroll of identify {unknown}
 m - a scroll of enchant armour {unknown}
Potions
 i - a potion of resistance {unknown}


   Skills:
 + Level 2.0 Fighting
 * Level 2.6 Short Blades
 - Level 1.5 Throwing
 + Level 1.4 Dodging
 + Level 6.0 Stealth


You had one spell level left.
You didn't know any spells.
Your spell library was empty.

Dungeon Overview and Level Annotations

Branches:
Dungeon (1/15)

Altars:


Innate Abilities, Weirdness & Mutations

You do not eat.
Your natural rate of healing is unusually fast.
You have razor-sharp teeth.
You have supernaturally acute eyesight. (SInv)
You can survive without breathing.


Message History

The gnoll is moderately wounded.
The gnoll hits you with a +0 whip!
You hit the gnoll.
The gnoll is heavily wounded.
The gnoll hits you with a +0 whip!
* * * LOW HITPOINT WARNING * * *
You are too injured to fight recklessly!
You are too injured to fight recklessly!
You hit the gnoll.
The gnoll is heavily wounded.
The gnoll closely misses you.
You closely miss the gnoll.
The gnoll is heavily wounded.
The gnoll misses you.
You hit the gnoll.
The gnoll is severely wounded.
You closely miss the gnoll. Your bite misses the gnoll.
The gnoll is severely wounded.
The gnoll hits you with a +0 whip!
You die...

... ############ ...
........... ...
##......#
#########.......#
#.......#.....@.#
#.......#...###g#
#.......#^..# .#
#.......#...# .#
###.......#...###.#
....................
..#.......#######.#.
..#...........# .#
..######.........


You could see a gnoll.

Vanquished Creatures
  A ball python (D:1)
  4 bats (D:1)
  A giant cockroach (D:1)
  2 hobgoblins (D:1)
  A frilled lizard (D:1)
  2 rats (D:1)
11 creatures vanquished.

Notes
Turn   | Place    | Note
-------+----------+-------------------------------------------
     0 | D:1      | MoonlitKnight the Vampire Assassin began the quest for the
                  | Orb.
     0 | D:1      | Reached XP level 1. HP: 16/16 MP: 1/1
    83 | D:1      | Reached skill level 6 in Stealth
   134 | D:1      | Reached XP level 2. HP: 22/22 MP: 2/2
   342 | D:1      | Slain by a gnoll

Levels and vault maps discovered:
D:1:      minmay_arrival_glassed_features, layout_basic,
          minmay_misc_feat_four_crosses

Skill      XL: |  1  2 |
---------------+-------+-----
Stealth        | 6 |  6.0
Fighting       | 2 |  2.0
Short Blades   | |  2.6
Throwing       | |  1.5
Dodging        | |  1.4

Action                   || total
-------------------------++-------
Melee: Dagger            ||    29
       Bite              ||     2
 Stab: Sleeping          ||     4
Armor: Robe              ||     3
Dodge: Dodged            ||    14

Table legend:
 A = Non-vault XP
 B = Vault XP
 C = Vault XP percentage of total XP
 D = Non-vault monster count
 E = Vault monster count
 F = Vault count percentage of total count
                 A         B        C        D         E       F
            +---------+---------+-------+---------+---------+-------
      Total |      16 |       0 |   0.0 |      11 |       0 |   0.0
            +---------+---------+-------+---------+---------+-------
        D:1 |      16 |       0 |   0.0 |      11 |       0 |   0.0
            +---------+---------+-------+---------+---------+-------
